Map: Para Site LE

Players

Harstem - Winner!

  • Race: Protoss Protoss
  • League: Grandmaster
  • Spawn Location: 11:00

Melle

  • Race: Protoss Protoss
  • League: Master
  • Spawn Location: 5:00

Event: DSCL Nationals 2018 - Finals

VOD

Have the link to the VOD?

Description

Time

  • Played on: Dec. 1, 2018, 10:46 a.m.
  • Length: 5:57

All games in this series

Show
View Real Time Build Order
Export as new Build Order

Harstem Protoss - Winner!

Build Orders: Phoenix Opening, Mass Phoenix 

Get SALT Encoding   

  12  0:00  Probe  
  13  0:12  Probe  
  14  0:17  Pylon  
  14  0:24  Probe  
  15  0:32  Probe  
  15  0:38  Gateway  
  15  0:40  Probe  
  16  0:46  Assimilator  
  17  0:50  Probe  
  17  0:54  Assimilator  
  18  0:58  Probe  
  19  1:06  Probe  
  19  1:08  Gateway  
  20  1:17  Probe  
  20  1:25  Cybernetics Core  
  21  1:29  Probe  
  22  1:34  Pylon  
  22  1:44  Probe  
  23  1:56  Probe  
  24  2:01  Adept x2  
  24  2:02  Warp Gate  
  28  2:11  Pylon  
  28  2:26  Stargate  
  28  2:28  Adept  
  32  2:30  Adept  
  32  2:39  Pylon  
  31  2:55  Adept  
  31  2:56  Pylon  
  31  2:58  Adept  
  35  3:02  Phoenix  
  37  3:21  Phoenix  
  39  3:34  Nexus  
  39  3:38  Probe  
  39  3:40  Phoenix  
  42  3:56  Probe  
  42  3:59  Phoenix  
  45  4:19  Probe  
  45  4:22  Phoenix  
  47  4:31  Probe  
  47  4:34  Pylon  
  47  4:35  Shield Battery  
  47  4:46  Probe, Phoenix  
  46  4:57  Probe  
  46  4:58  Probe  
  44  5:00  Stalker  
  44  5:07  Stalker, Phoenix  
  48  5:20  Probe x2  
  50  5:23  Zealot  
  50  5:26  Phoenix  
  52  5:31  Stalker  
  52  5:32  Probe  
  57  5:39  Probe  
Show
View Real Time Build Order
Export as new Build Order

Melle Protoss 

Build Orders: Phoenix Opening 

Get SALT Encoding   

  12  0:00  Probe  
  13  0:12  Probe  
  14  0:19  Pylon  
  14  0:24  Probe  
  15  0:33  Probe  
  15  0:37  Gateway  
  15  0:41  Probe  
  16  0:48  Assimilator  
  17  0:50  Probe  
  17  0:55  Assimilator  
  18  0:58  Probe  
  19  1:08  Probe, Gateway  
  20  1:20  Probe  
  21  1:25  Cybernetics Core  
  22  1:32  Probe  
  22  1:38  Pylon  
  22  1:44  Probe  
  23  1:52  Warp Gate  
  23  1:57  Probe  
  24  2:01  Stalker  
  24  2:02  Sentry  
  28  2:11  Pylon  
  28  2:27  Pylon  
  28  2:36  Stargate  
  28  2:46  Stalker  
  28  2:47  Stalker  
  31  3:00  Probe  
  32  3:11  Phoenix  
  34  3:29  Nexus  
  34  3:34  Phoenix  
  36  3:41  Probe  
  37  3:52  Pylon  
  37  4:02  Phoenix  
  37  4:15  Stalker x2  
  36  4:42  Stalker x2  
  37  4:53  Probe  
  32  5:07  Zealot  
  32  5:08  Zealot  
  32  5:11  Probe x2  
Tags
 
Add a new tag
Caveats
  • Supply blocks, unpowered buildings, or Contaminate may cause inaccurate times.
  • Supply counts are checked every 10 seconds.